 Dungeon Crawl Stone Soup version 0.28-a0-1555-g9ae15a6949 (webtiles) character file.

Game seed: 419230736057205644

29 psuckher the Sneak (level 3, 0/30 HPs)
             Began as a Barachi Delver on Jan 18, 2022.
             Succumbed to a scorpion's poison
             ... on level 5 of the Dungeon.
             The game lasted 00:01:06 (321 turns).

psuckher the Sneak (Barachi Delver)                  Turns: 321, Time: 00:01:06

Health: 0/30       AC:  3    Str: 15    XL:     3   Next: 16%
Magic:  3/3        EV: 12    Int: 10    God:
Gold:   0          SH:  0    Dex: 13    Spells: 2/2 levels left

rFire   . . .      SeeInvis .   a - +0 short sword
rCold   . . .      Faith    .   (no shield)
rNeg    . . .      Spirit   .   b - +0 leather armour
rPois   .          Reflect  .   (no helmet)
rElec   .          Harm     .   (no cloak)
rCorr   .          Rampage  .   (no gloves)
Will    .....                   (no boots)
Stlth   +++.......              (no amulet)
HPRegen 0.10/turn               (no ring)
MPRegen 0.08/turn               (no ring)

@: lethally poisoned (0 -> -2), slow
A: amphibious, slowness 1, strong legs 1, +LOS
a: Hop


You were on level 5 of the Dungeon.
You visited 1 branch of the dungeon, and saw 1 of its levels.

Inventory:

Hand Weapons
 a - a +0 short sword (weapon)
Armour
 b - a +0 leather armour (worn)
Wands
 g - a wand of digging (12)
Scrolls
 c - a scroll of fog
 d - a scroll of magic mapping
 i - a scroll of identify {unknown}
Potions
 f - a potion of haste
 h - 2 potions of curing {unknown}


   Skills:
 + Level 4.0 Fighting
 + Level 2.3 Short Blades
 + Level 0.2 Armour
 + Level 2.3 Dodging
 + Level 5.1 Stealth


You had 2 spell levels left.
You didn't know any spells.
Your spell library was empty.

Dungeon Overview and Level Annotations

Branches:
Dungeon (5/15)
 Temple: D:4-7

Altars:


Innate Abilities, Weirdness & Mutations

You are amphibious.
You cover ground slowly.
You can hop short distances.
You have an extended range of vision and can be seen from far away.


Message History

You close the door.
You open the door.
There is an open door here.
You open the door.
A scorpion comes into view.
There is an open door here.
The scorpion barely misses you.
You barely miss the scorpion. The scorpion stings you.
You closely miss the scorpion. The scorpion barely misses you. x2
You hit the scorpion but do no damage.
The scorpion stings you but does no damage.
You completely miss the scorpion.
The scorpion stings you but does no damage.
You hit the scorpion but do no damage. The scorpion closely misses you.
You barely miss the scorpion. The scorpion stings you!
You closely miss the scorpion. The scorpion barely misses you.
The scorpion stings you.
You hit the scorpion but do no damage. The scorpion stings you.
You hit the scorpion but do no damage. The scorpion stings you.
You barely miss the scorpion.
The scorpion stings you but does no damage.
You closely miss the scorpion. The scorpion stings you.
* * * LOW HITPOINT WARNING * * *
You are lethally poisoned!
The scorpion poisons you!
You hit the scorpion.
The scorpion is moderately wounded.
* * * LOW HITPOINT WARNING * * *
You feel sick. The scorpion barely misses you.
As you read the scroll of fear, it crumbles to dust.
You assume a fearsome visage.
The scorpion looks frightened!
* * * LOW HITPOINT WARNING * * *
You feel sick.
* * * LOW HITPOINT WARNING * * *
You feel sick.
There is an open door here.
* * * LOW HITPOINT WARNING * * *
You feel sick.
Cornered, the scorpion turns to fight!
You close the door.
You die...

#....................
#....................
#....................
#....>.........#
#..............#
#..............#
#..............#
#.....#####....#
#.....#...+@...#
#.....#...#....#
#.....#s..#....#
######.....#####....#
...........+...#....#
...........#...'....#
...........#####....#######+
......####..................
...... #..................


There were no monsters in sight!

Vanquished Creatures
  A hound (D:5)
1 creature vanquished.

Notes
Turn   | Place    | Note
-------+----------+-------------------------------------------
     0 | D:5      | psuckher the Barachi Delver began the quest for the Orb.
     0 | D:5      | Reached XP level 1. HP: 18/18 MP: 1/1
    59 | D:5      | Noticed a hound
    85 | D:5      | Killed a hound
    86 | D:5      | Reached skill level 5 in Stealth
    86 | D:5      | Reached XP level 2. HP: 4/25 MP: 2/2
    86 | D:5      | Reached XP level 3. HP: 4/30 MP: 3/3
   303 | D:5      | Noticed a scorpion
   320 | D:5      | HP: 1/30 [poisoned by a scorpion]
   321 | D:5      | Succumbed to a scorpion's poison

Illustrated notes

Levels and vault maps discovered:
D:5:      layout_gridville, minmay_temple_entry_waves, uniq_pikel, uniq_edmund,
          uniq_ijyb

Skill      XL: |  1 |
---------------+----+-----
Fighting       | 4 |  4.0
Stealth        | 5 |  5.1
Short Blades   | |  2.3
Armour         | |  0.2
Dodging        | |  2.3

Action                   || total
-------------------------++-------
Melee: Short sword       ||    27
  Use: Scroll            ||     1
Armor: Leather armour    ||    10
Dodge: Dodged            ||    16

Table legend: (Time is in decaauts)
 A = Elapsed time spent in this place.
 B = Non-inter-level travel time spent in this place.
 C = Inter-level travel time spent in this place.
 D = Time resting spent in this place.
 E = Time spent auto-exploring this place.
 F = Levels seen in this place.
 G = Mean time per level.
                   A        B        C        D        E       F      G
               +--------+--------+--------+--------+--------+-----+--------+
         Total |    377 |    377 |      0 |      0 |      0 |   1 |  377.0 |
       Dungeon |    377 |    377 |      0 |      0 |      0 |   1 |  377.0 |
               +--------+--------+--------+--------+--------+-----+--------+

Top non-repeatable levels by time:
     D:5: 377 daAuts
